 Dungeon Crawl Stone Soup version 0.32-a0-314-g526f7d4993 (webtiles) character file.

Game seed: 13171471036587662720

182771 gruber the Brawler (level 17, -26/149 HPs)
             Began as a Troll Fighter on Feb 15, 2024.
             Was the Champion of Hepliaklqana.
             Annihilated by a tyrant leech (40 damage)
             ... on level 1 of the Swamp.
             The game lasted 00:45:26 (27271 turns).

gruber the Brawler (Troll Fighter)                 Turns: 27271, Time: 00:45:26

Health: -26/149    AC: 25    Str: 34    XL:     17   Next: 36%
Magic:  25/25      EV:  6    Int:  4    God:    Hepliaklqana [******]
Gold:   2447       SH: 15    Dex:  9    Spells: 16/16 levels left

rFire   + .          .
                       - Unarmed
rCold   + . .        b - +0 kite shield
rNeg    . . .        a - +0 gold dragon scales
rPois   +            (helmet restricted)
rElec   .            X - +1 cloak of Valiance {rCorr Slay+3 SInv}
rCorr   +            (gloves unavailable)
SInv    +            (boots unavailable)
Will    ++...        S - amulet of reflection Stlth
                     u - ring of willpower
HPRegen 1.24/turn    m - +4 ring of protection
MPRegen 0.19/turn

%: reflection
@: mighty, corroded
A: reduced essence, large, unfitting armour, claws 3, regeneration 1, shaggy fur
1, tough skin 1
}: 1/15 runes: serpentine
a: Renounce Religion, Recall Ancestor, Ancestor Identity, Transference, Idealise


You were on level 1 of the Swamp.
You worshipped Hepliaklqana.
Hepliaklqana was exalted by your worship.
You visited 6 branches of the dungeon, and saw 28 of its levels.
You also visited: Ice Cave.

You collected 2991 gold pieces.
You spent 544 gold pieces at shops.

Inventory:

Hand Weapons
 T - a +3 war axe of flaming
Armour
 a - +0 gold dragon scales (worn)
 b - a +0 kite shield (worn)
 X - the +1 cloak of Valiance (worn) {rCorr Slay+3 SInv}
   (You bought it in a shop on level 2 of the Orcish Mines)

   Slay+3:    It affects your accuracy & damage with ranged weapons and melee
   (+3).
   SInv:      It lets you see invisible.
   rCorr:     It protects you from acid and corrosion.
Jewellery
 m - a +4 ring of protection (right claw)
 u - a ring of willpower (left claw)
 F - a +5 ring of evasion
 O - a ring of protection from cold
 S - an amulet of reflection (around neck)
 W - a ring of see invisible
 Z - a ring of protection from fire
Wands
 h - a wand of quicksilver (2)
 r - a wand of digging (11)
 G - a wand of flame (31)
 H - a wand of charming (15)
 J - a wand of mindburst (8)
 P - a wand of iceblast (1)
 V - a wand of polymorph (12)
Scrolls
 g - 2 scrolls of noise {unknown}
 j - 21 scrolls of identify {unknown}
 l - a scroll of silence {unknown}
 n - 2 scrolls of fear {unknown}
 p - 7 scrolls of poison {unknown}
 q - 6 scrolls of immolation {unknown}
 t - 4 scrolls of enchant armour {unknown}
 v - 4 scrolls of vulnerability {unknown}
 w - 3 scrolls of blinking {unknown}
 y - 7 scrolls of teleportation
 B - 3 scrolls of brand weapon {unknown}
 C - 2 scrolls of revelation {unknown}
 D - 4 scrolls of enchant weapon {unknown}
 E - 3 scrolls of fog {unknown}
 L - 2 scrolls of acquirement {unknown}
 R - 4 scrolls of torment {unknown}
 Y - 2 scrolls of summoning {unknown}
Potions
 c - a potion of might
 d - 5 potions of curing {unknown}
 e - 3 potions of resistance {unknown}
 f - a potion of ambrosia {unknown}
 i - 3 potions of degeneration {unknown}
 k - a potion of brilliance {unknown}
 o - 2 potions of attraction
 s - 2 potions of invisibility {unknown}
 x - 3 potions of lignification {unknown}
 z - 4 potions of haste {unknown}
 A - 2 potions of heal wounds {unknown}
 I - 3 potions of mutation {unknown}
 K - 2 potions of magic {unknown}
 M - 3 potions of cancellation {unknown}
 N - 3 potions of enlightenment {unknown}
 U - a potion of berserk rage {unknown}
Miscellaneous
 Q - a phial of floods


   Skills:
 - Level 10.0 Fighting
 - Level 12.0 Armour
 - Level 7.0 Dodging
 - Level 10.0 Shields
 * Level 19.9 Unarmed Combat
 - Level 12.0 Invocations


You had 16 spell levels left.
You didn't know any spells.
Your spell library contained the following spells:

 Spells                   Type           Power      Damage    Failure   Level
 Blink                    Tloc           0%         N/A       100%        2
 Ensorcelled Hibernation  Hex/Ice        0%         N/A       100%        2
 Lesser Beckoning         Tloc           0%         N/A       100%        2
 Momentum Strike          Conj/Tloc      0%         3d8       100%        2
 Passwall                 Erth           0%         N/A       100%        3
 Summon Ice Beast         Ice/Summ       0%         N/A       100%        3
 Swiftness                Air            0%         N/A       100%        3
 Animate Dead             Necr           0%         N/A       100%        4
 Manifold Assault         Tloc           0%         N/A       100%        4
 Borgnjor's Vile Clutch   Necr/Erth      0%         N/A       100%        5
 Summon Mana Viper        Hex/Summ       0%         N/A       100%        5
 Death Channel            Necr           0%         N/A       100%        6
 Dispersal                Tloc           0%         N/A       100%        6
 Monstrous Menagerie      Summ           0%         N/A       100%        7
 Disjunction              Tloc           0%         N/A       100%        8


Dungeon Overview and Level Annotations

Branches:
Dungeon (15/15)            Temple (1/1) D:4            Lair (5/5) D:8
  Swamp (1/4) Lair:3        Snake (4/4) Lair:3        Slime (0/5) Lair:4
    Orc (2/2) D:10            Elf (0/3) Orc:2        Vaults (0/5) D:13
 Depths (0/4) D:15          IceCv (visited)

Altars:
Ashenzari
Cheibriados
Dithmenos
Elyvilon
Fedhas
Gozag
Hepliaklqana
Kikubaaqudgha
Makhleb
Nemelex Xobeh
Okawaru
Qazlal
Ru
Sif Muna
Trog
Uskayaw
Vehumet
Wu Jian
Xom
Yredelemnul
Zin
The Shining One
Jiyva

Shops:
D:4 ?   D:10 *   Orc:2 ==*[*   Snake:1 (?   Snake:3 [:

Annotations:
Snake:3 3 runed translucent doors, Nebesus's ghost, adept AtFi
Orc:2 2 transporters, Nebesus's ghost, journeyman DrSh


Innate Abilities, Weirdness & Mutations

Your life essence is reduced to manifest your ancestor. (-10% HP)
You are too large for most types of armour.
You have claws for hands.
Your natural rate of healing is unusually fast.
You are covered in fur. (AC +1)
You have tough skin. (AC +1)


Message History

A swamp worm comes into view.
You block the vampire mosquito's attack.
A tyrant leech comes into view.
The tyrant leech bites you.
* * * LOW HITPOINT WARNING * * *
The tyrant leech draws strength from your injuries!
Unknown command.
You claw the vampire mosquito!
The vampire mosquito is heavily damaged.
The vampire mosquito bites you but does no damage. x2
The goliath frog hits you from afar!!
* * * LOW HITPOINT WARNING * * *
The acid corrodes you!
You are splashed with acid.
You resist.
* * * LOW HITPOINT WARNING * * *
The vampire mosquito bites you but does no damage.
You block the vampire mosquito's attack.
Unknown command.
Unknown command.
You mangle the vampire mosquito!!
You destroy the vampire mosquito!
The vampire mosquito bites you but does no damage.
The goliath frog hits you but does no damage.
The vampire mosquito bites you but does no damage.
You block the spriggan's attack.
The tyrant leech bites you but does no damage.
Unknown command.
Unknown command.
You barely miss the spriggan.
The vampire mosquito bites you but does no damage.
The goliath frog hits you but does no damage.
The spriggan hits you but does no damage.
Unknown command.
Unknown command.
You closely miss the spriggan. The vampire mosquito bites you.
* * * LOW HITPOINT WARNING * * *
The vampire mosquito draws strength from your injuries!
You block the spriggan's attack. You block the goliath frog's attack.
The tyrant leech bites you!!!
You die...
Hepliaklqana delivers you to your ancestors.

. ~~ ♣♣♣
~~.♣♣.w♣♣
~...wii@♣♣
♣♣~♣.~iwy♣♣♣
♣~~~iyF~♣
♣..~~D~l....
~....~~~.~~~~~~
....~~~~.~w~~§~
...~♣.....~~~~~
....~.~♣♣~~....
..~~..♣ ♣♣.~~~


You could see a five-headed hydra, an alligator, 2 tyrant leeches, a spriggan
druid, a goliath frog (strong), 2 swamp worms, 2 vampire mosquitoes and 3
spriggans.

Vanquished Creatures
  Bai Suzhen (Snake:3)
  Vashnia (Snake:3)
  Rupert (D:13)
  Agnes (Snake:4)
  3 nagarajas
  A dire elephant (D:15)
  Snorg (Orc:2)
  4 salamander tyrants
  4 hydras
  2 vault guards (D:13)
  An ironbound frostheart (D:13)
  8 centaur warriors
  4 anacondas
  14 two-headed ogres
  An alligator (Swamp:1)
  3 ogre magi (Orc:2)
  Erica (Lair:2)
  6 boulder beetles
  A death yak (Lair:5)
  8 naga warriors
  A tengu warrior (D:13)
  An occultist (D:15)
  2 shock serpents
  13 naga sharpshooters
  An orc high priest (Orc:1)
  2 skysharks
  4 salamander mystics
  4 sea snakes (Snake:2)
  8 skeletal warriors
  A spriggan druid (Swamp:1)
  8 mana vipers
  A swamp dragon (Swamp:1)
  A phantasmal warrior (Lair:1)
  2 bog bodies (IceCv)
  10 naga ritualists
  3 orc knights
  A wolf spider (D:15)
  2 deep elf pyromancers
  Pikel (D:7)
  An oklob plant (Lair:2)
  An orc sorcerer (Orc:2)
  9 ugly things
  A will-o-the-wisp (Swamp:1)
  4 manticores
  9 salamanders
  30 black mambas
  2 elephants (Lair:4)
  A cyclops (D:13)
  3 meliai (D:15)
  6 naga magi
  4 guardian serpents
  3 unseen horrors
  8 cane toads
  2 gargoyles
  2 rime drakes
  A komodo dragon (shapeshifter) (D:13)
  2 ice devils (IceCv)
  Psyche (D:9)
  4 komodo dragons
  A troll (shapeshifter) (D:13)
  2 polar bears
  10 trolls
  2 tyrant leeches (Swamp:1)
  A wolf spider simulacrum (D:15)
  A hornet (Lair:5)
  A raiju (shapeshifter) (D:14)
  18 blink frogs
  3 dream sheep (Lair:5)
  7 slime creatures
  A vampire (D:13)
  A shadow (D:10)
  A wraith (D:9)
  3 wyverns
  45 yaks
  11 spriggans
  A human (Lair:1)
  3 basilisks
  A steam dragon (D:9)
  4 vampire mosquitoes
  A harpy simulacrum (IceCv)
  2 wargs
  A death yak simulacrum (IceCv)
  23 nagas
  2 swamp worms (Lair:3)
  A hydra simulacrum (IceCv)
  10 water moccasins
  A swamp drake (Swamp:1)
  2 sky beasts
  An ice beast (D:6)
  2 laughing skulls (D:15)
  12 orc warriors
  6 black bears
  27 ogres
  2 boggarts (Lair:5)
  27 wolves
  2 centaurs
  2 lemures (D:7)
  5 kobold brigands
  9 bullfrogs
  A gnoll sergeant (D:7)
  7 two-headed ogre simulacra (IceCv)
  2 cane toad simulacra (IceCv)
  A wyvern zombie (D:6)
  6 scorpions
  11 wights
  2 elephant simulacra
  3 killer bees (D:9)
  4 electric eels
  4 howler monkeys
  A hexer (IceCv)
  A bullfrog zombie (D:6)
  13 orc priests
  2 hounds (D:6)
  2 gnoll boudas
  11 jellies
  3 sleepcaps
  4 hell rats
  5 iguanas
  17 orc wizards
  6 spriggan simulacra (IceCv)
  5 troll simulacra (IceCv)
  4 polar bear simulacra
  3 wolf simulacra (IceCv)
  11 gnolls
  3 adders
  5 naga simulacra (IceCv)
  7 river rats (D:7)
  A shadow imp (D:6)
  5 white imps
  11 ufetubi
  A dart slug (D:2)
  54 orcs
  5 bats
  16 endoplasms
  3 giant cockroaches
  12 goblins
  8 hobgoblins
  7 jackals
  6 quokkas
  6 ball pythons
  2 frilled lizards
  27 kobolds
  19 rats
808 creatures vanquished.

Vanquished Creatures (collateral kills)
  Aizul (Snake:3)
  2 nagarajas (Snake:4)
  Donald (Orc:2)
  A vault guard (D:13)
  2 hydras (Lair:4)
  An ogre mage (Orc:2)
  A two-headed ogre (Orc:2)
  2 death yaks (Lair:5)
  A centaur warrior (D:13)
  An anaconda (Snake:2)
  A naga warrior (Snake:4)
  3 naga sharpshooters
  2 salamander mystics
  A bog body (Swamp:1)
  An orc knight (D:15)
  A deep elf pyromancer (D:12)
  An orc sorcerer (Orc:1)
  4 salamanders
  3 cyclopes
  An ice statue (IceCv)
  2 guardian serpents (Snake:4)
  2 elephants (Lair:4)
  2 black mambas
  A gargoyle (D:13)
  A komodo dragon (Lair:5)
  An anaconda simulacrum (IceCv)
  2 trolls
  A hornet (Lair:5)
  A glass eye (shapeshifter) (D:13)
  A dream sheep (Lair:5)
  2 slime creatures (D:13)
  4 spriggans (Lair:5)
  A yak (Lair:1)
  A warg (Orc:1)
  A naga (Snake:1)
  3 water moccasins
  A black bear (Lair:5)
  4 orc warriors
  3 boggarts (Lair:5)
  8 wolves
  5 ogres
  A centaur (D:13)
  A bullfrog (Lair:4)
  An orc priest (Orc:1)
  2 hell rats (Lair:5)
  4 orc wizards
  A spriggan simulacrum (IceCv)
  6 orcs
94 creatures vanquished.

Vanquished Creatures (others)
  Asterion (Snake:1)
  A bloated husk (Swamp:1)
  An electric eel (Lair:5)
  23 hexers
  3 ancestors
  An ufetubus (IceCv)
30 creatures vanquished.

Grand Total: 932 creatures vanquished

Notes
Turn   | Place    | Note
-------+----------+-------------------------------------------
     0 | D:1      | gruber the Troll Fighter began the quest for the Orb.
     0 | D:1      | Reached XP level 1. HP: 22/22 MP: 0/0
   117 | D:1      | Reached XP level 2. HP: 29/29 MP: 1/1
   137 | D:1      | Reached skill level 3 in Unarmed Combat
   344 | D:1      | Reached XP level 3. HP: 32/36 MP: 2/2
   646 | D:2      | Reached skill level 4 in Unarmed Combat
   898 | D:2      | Reached XP level 4. HP: 44/44 MP: 3/3
  1225 | D:3      | Reached skill level 5 in Unarmed Combat
  1274 | D:3      | Reached XP level 5. HP: 50/50 MP: 4/4
  1742 | D:4      | Found Amuom's Magic Scroll Boutique.
  1749 | D:4      | Reached skill level 6 in Unarmed Combat
  1806 | D:4      | Noticed a water moccasin
  1820 | D:4      | Killed a water moccasin
  1821 | D:4      | Reached XP level 6. HP: 18/59 MP: 5/5
  1917 | D:4      | Reached skill level 7 in Unarmed Combat
  1967 | D:4      | Found a staircase to the Ecumenical Temple.
  2192 | D:5      | Entered Level 5 of the Dungeon
  2307 | D:5      | Reached skill level 8 in Unarmed Combat
  2307 | D:5      | Reached XP level 7. HP: 57/66 MP: 6/6
  3241 | D:6      | Reached skill level 9 in Unarmed Combat
  3299 | D:5      | Reached XP level 8. HP: 70/74 MP: 7/7
  3459 | D:6      | Reached skill level 10 in Unarmed Combat
  3619 | D:6      | Reached skill level 11 in Unarmed Combat
  3703 | D:6      | Found a basalt altar of Yredelemnul.
  4007 | D:7      | Noticed Pikel
  4024 | D:7      | Killed Pikel
  4025 | D:7      | Reached skill level 12 in Unarmed Combat
  4025 | D:7      | Reached XP level 9. HP: 55/80 MP: 8/8
  4100 | D:7      | Found a shimmering altar of Xom.
  4100 | D:7      | Found a shimmering altar of Xom.
  4100 | D:7      | Found a shimmering altar of Xom.
  4101 | D:7      | Found a shimmering altar of Xom.
  4101 | D:7      | Found a shimmering altar of Xom.
  4102 | D:7      | Found a shimmering altar of Xom.
  4103 | D:7      | Found a shimmering altar of Xom.
  4104 | D:7      | Found a shimmering altar of Xom.
  4685 | D:7      | Reached skill level 13 in Unarmed Combat
  4890 | D:8      | Reached skill level 5 in Fighting
  5157 | D:8      | Reached XP level 10. HP: 98/98 MP: 9/9
  5556 | D:8      | Found a staircase to the Lair.
  6002 | D:9      | Noticed Psyche
  6005 | D:9      | Paralysed by Psyche for 1 turns
  6016 | D:9      | Killed Psyche
  6183 | D:9      | Reached skill level 5 in Shields
  6506 | D:10     | Entered Level 10 of the Dungeon
  6586 | D:10     | Found a staircase to the Orcish Mines.
  6643 | D:10     | Found a bloodstained altar of Trog.
  6648 | D:10     | Found a shimmering blue altar of Sif Muna.
  6866 | Temple   | Entered the Ecumenical Temple
  6881 | Temple   | Became a worshipper of Hepliaklqana the Forgotten
  7091 | D:10     | Reached skill level 14 in Unarmed Combat
  7265 | D:10     | Reached XP level 11. HP: 88/105 MP: 10/10
  7369 | D:10     | Found Ympiofem's General Store.
  7835 | D:11     | Reached skill level 1 in Armour
  8255 | D:11     | Identified the +5 longbow "Upteub" {freeze, Dex+2}
  8553 | D:12     | Reached * piety under Hepliaklqana
  8572 | D:12     | Noticed a purple ugly thing
  8575 | D:12     | Killed a purple ugly thing
  8603 | D:12     | Noticed a deep elf pyromancer
  8605 | D:12     | Noticed a boulder beetle
  8609 | D:12     | Killed a deep elf pyromancer
  8610 | D:12     | Reached skill level 5 in Armour
  8622 | D:12     | Killed a boulder beetle
  8648 | D:12     | Noticed a two-headed ogre
  8654 | D:12     | Killed a two-headed ogre
  8744 | D:12     | Noticed a two-headed ogre
  8751 | D:12     | Killed a two-headed ogre
  8754 | D:12     | Noticed a skeletal warrior
  8755 | D:12     | Noticed a skeletal warrior
  8795 | D:12     | Noticed a skeletal warrior
  8802 | D:11     | Killed a skeletal warrior
  8921 | Lair:1   | Entered Level 1 of the Lair of Beasts
  8969 | Lair:1   | Reached XP level 12. HP: 91/102 MP: 11/11
  9250 | Lair:1   | Reached ** piety under Hepliaklqana
  9267 | Lair:1   | Remembered your ancestor Vicuosk as a hexer
  9491 | Lair:1   | Found a runed translucent door.
  9784 | Lair:2   | Reached skill level 10 in Armour
 10024 | Lair:2   | Found a frozen archway.
 10045 | IceCv    | Entered an ice cave
 10935 | Lair:2   | Noticed Erica
 10940 | Lair:2   | Reached XP level 13. HP: 106/108 MP: 12/12
 10959 | Lair:2   | Killed Erica
 11297 | Lair:2   | Reached *** piety under Hepliaklqana
 11861 | Lair:3   | Found a staircase to the Snake Pit.
 12387 | Lair:3   | Found a staircase to the Swamp.
 13355 | Lair:4   | Reached **** piety under Hepliaklqana
 13363 | Lair:4   | Found a viscous altar of Jiyva.
 13365 | Lair:4   | Found a staircase to the Slime Pits.
 13422 | Lair:4   | Identified the +2 great mace "Odono" {flame, *Rage rC+++
                  | Str+5}
 13859 | Lair:4   | Reached skill level 10 in Fighting
 14225 | Lair:5   | Entered Level 5 of the Lair of Beasts
 14529 | Lair:5   | Reached skill level 5 in Dodging
 14607 | Lair:5   | Reached XP level 14. HP: 118/128 MP: 13/13
 15090 | Lair:5   | Identified the +9 falchion "Enery" {antimagic, rPois rF+}
 15650 | Orc:1    | Entered Level 1 of the Orcish Mines
 16023 | Orc:2    | Entered Level 2 of the Orcish Mines
 16070 | Orc:2    | Noticed Nebesus's ghost (journeyman DrSh)
 16092 | Orc:2    | Noticed Donald
 16112 | Orc:2    | Killed Donald
 16239 | Orc:2    | Found a transporter.
 16242 | Orc:2    | Found a transporter.
 16253 | Orc:2    | Reached ***** piety under Hepliaklqana
 16592 | Orc:2    | Reached skill level 10 in Shields
 16645 | Orc:2    | Reached skill level 15 in Unarmed Combat
 16761 | Orc:2    | Found a staircase to the Elven Halls.
 16878 | Orc:2    | Found Dareh's Jewellery Boutique.
 16878 | Orc:2    | Found Cycadad's Armour Emporium.
 16879 | Orc:2    | Found Bumag's Assorted Antiques.
 16879 | Orc:2    | Found Cipawit's Assorted Antiques.
 16887 | Orc:2    | Bought the +1 cloak of Valiance {rCorr Slay+3 SInv} for 544
                  | gold pieces
 16931 | Orc:2    | Noticed Snorg
 16940 | Orc:2    | Killed Snorg
 17018 | Orc:2    | Found Kijonom's Jewellery Shoppe.
 17377 | D:12     | Found the +0 toga "Victory" {*Victory Clar}
 17829 | D:13     | Noticed Rupert
 17847 | D:13     | Killed Rupert
 17848 | D:13     | Reached XP level 15. HP: 48/134 MP: 14/14
 17954 | D:13     | Reached skill level 16 in Unarmed Combat
 18542 | D:13     | Found a gate to the Vaults.
 18583 | D:13     | Identified the +4 falchion "Fasmok" {flame, rC+ rN++ Str-4}
 18794 | D:14     | Reached skill level 17 in Unarmed Combat
 19529 | D:15     | Entered Level 15 of the Dungeon
 19638 | D:15     | Reached skill level 18 in Unarmed Combat
 19923 | D:15     | Found a staircase to the Depths.
 20483 | Snake:1  | Entered Level 1 of the Snake Pit
 20493 | Snake:1  | Reached ****** piety under Hepliaklqana
 20583 | Snake:1  | Found Aringiech's Magic Scroll Boutique.
 20583 | Snake:1  | Found Vebeotemm's Weapon Shop.
 20621 | Snake:1  | Reached skill level 1 in Invocations
 20969 | Snake:1  | Noticed Asterion
 20980 | Snake:1  | Killed Asterion
 21392 | Snake:2  | Reached XP level 16. HP: 62/142 MP: 16/18
 21438 | Snake:2  | You fall into a shaft and drop 1 floor!
 21633 | Snake:3  | Noticed Vashnia
 21719 | Snake:4  | Entered Level 4 of the Snake Pit
 21756 | Snake:4  | Reached skill level 5 in Invocations
 22016 | Snake:4  | Noticed Agnes
 22025 | Snake:4  | Killed Agnes
 22405 | Snake:3  | Noticed Bai Suzhen
 23253 | Snake:3  | Killed Bai Suzhen
 23352 | Snake:3  | Reached skill level 10 in Invocations
 23445 | Snake:3  | Found Reaviama's Antique Armour Shoppe.
 23560 | Snake:3  | Found Fegyom's Book Shoppe.
 25370 | Snake:3  | Identified the serpent talisman "Hakasy" {rCorr}
 25370 | Snake:3  | Noticed Aizul
 25386 | Snake:3  | Killed Aizul
 25387 | Snake:3  | Reached XP level 17. HP: 111/149 MP: 24/24
 25915 | Snake:3  | Killed Vashnia
 25916 | Snake:3  | Reached skill level 19 in Unarmed Combat
 25977 | Snake:3  | Noticed Nebesus's ghost (adept AtFi)
 25985 | Snake:3  | Found a runed translucent gate.
 25985 | Snake:3  | Found a runed translucent gate.
 25987 | Snake:3  | Found a runed translucent gate.
 26737 | Snake:4  | Identified the +3 plate armour of Spaghetti {Str+7}
 26906 | Snake:4  | Got a serpentine rune of Zot
 27103 | Swamp:1  | Entered Level 1 of the Swamp
 27271 | Swamp:1  | Annihilated by a tyrant leech

Illustrated notes

Levels and vault maps discovered:
D:1:      dpeg_arrival_short_road, layout_basic
D:2:      layout_loops_cross, minmay_heptomino_h4
D:3:      layout_loops_ring
D:4:      layout_rooms, minmay_temple_entry_from_below_a, serial_shops, shop,
          hangedman_minor_gate_pass
D:5:      layout_layer_cave
D:6:      layout_gridville, lemuel_zombie_altar_yredelemnul
D:7:      lemuel_ratsnest, layout_gridville, xom_shifter_show,
          wad_floor_pattern_untrapped, uniq_pikel
D:8:      layout_basic, lair_entry_dummy, serial_aquarium,
          aquarium_bridge_square [aquarium_subvault_bridge,
          aquarium_subvault_bridge, aquarium_subvault_window,
          aquarium_subvault_balcony], aquarium_window_fake,
          aquarium_window_fake, aquarium_window_2, aquarium_window_fake,
          aquarium_view_2c, aquarium_view_2d, aquarium_balcony_1a
D:9:      layout_basic, kennysheep_generic_room_8, uniq_psyche
D:10:     layout_basic, hellmonk_overflow_destroyed_library, serial_shops,
          kennysheep_mini_moat, kennysheep_generic_room_3
D:11:     layout_rooms
D:12:     layout_irregular_city
D:13:     layout_layer_cave, hellmonk_vaults_keyhole, uniq_rupert
D:14:     layout_gridville
D:15:     hangedman_depths_entry_try_elsewhere_first, layout_small_grid
Temple:   regret_index_temple_chain_breaker
Lair:1:   layout_gridlike, pdpol_lair_cabin_in_the_woods
Lair:2:   lemuel_slime, layout_cave_pods, portal_ice_cave_entry_ice_simulacra,
          uniq_erica
Lair:3:   layout_regular_city, nicolae_swamp_entry_splash_gauntlet,
          minmay_snake_entry_guardpost_small, nzn_sisyphean_effort
Lair:4:   layout_hall_layers, slime_entry_1, infiniplex_staircase_pool_2,
          grunt_megastairs_3, serial_bayou_shore_b
Lair:5:   minmay_lair_end_enchanted_forest, layout_long_grid,
          nicolae_quartered_pool_medium, grunt_megastairs_4
Swamp:1:  layout_basic_swamp, evilmike_swamp_ruin_house_2,
          nicolae_swamp_decorative_isthmus
Snake:1:  layout_misc_corridors, nicolae_snake_gridmaze_zigzag,
          minmay_shoptagon, uniq_asterion
Snake:2:  layout_layer_cave, serial_bayou_shore_a
Snake:3:  layout_onion_interference, gammafunk_ghost_split, minmay_shop_star,
          uniq_bai_suzhen, uniq_vashnia, uniq_aizul
Snake:4:  johnstein_snake_rune_scales, layout_cave_town, corexii_hall_statues_i,
          uniq_agnes
Orc:1:    layout_diamond_mine
Orc:2:    st_orc_ogre_mass, layout_caves, serial_shops,
          nicolae_shop_hallway_stairs, gammafunk_ghost_arena, uniq_donald,
          uniq_snorg

Skill      XL: |  1  2  3  4  5  6  7  8  9 10 11 12 13 14 15 16 17 |
---------------+----------------------------------------------------+-----
Unarmed Combat | 3 4 5 6 8 9 12 13 14 15 18 19 | 19.9
Fighting       | 5 6 10 | 10.0
Shields        | 6 10 | 10.0
Armour         | 8 12 | 12.0
Dodging        | 5 7 |  7.0
Invocations    | 4 11 12 | 12.0

Action                     |  1- 3 |  4- 6 |  7- 9 | 10-12 | 13-15 | 16-18 || total
---------------------------+-------+-------+-------+-------+-------+-------++-------
  Melee: Unarmed           |    88 |   109 |   303 |   650 |  1004 |   497 ||  2651
         War axe           |       |       |       |       |    23 |     8 ||    31
 Invoke: Ancestor Life: He |       |       |       |     1 |       |       ||     1
         Recall Ancestor   |       |       |       |       |     2 |     1 ||     3
  Evoke: Wand              |       |       |       |       |       |     5 ||     5
    Use: Potion            |       |       |       |       |     1 |     1 ||     2
         Scroll            |       |       |       |       |       |     4 ||     4
   Stab: Distracted        |       |       |       |     1 |     6 |     7 ||    14
         Confused          |       |       |       |     6 |    12 |     2 ||    20
         Paralysed         |       |       |       |       |    32 |    19 ||    51
 Armour: Robe              |    38 |    54 |   175 |    67 |       |       ||   334
         Steam dragon scal |       |       |       |    26 |       |       ||    26
         Gold dragon scale |       |       |       |   432 |   900 |   482 ||  1814
  Dodge: Dodged            |    35 |    29 |   103 |   111 |   212 |   147 ||   637
  Block: Kite shield       |    26 |    25 |   101 |   261 |   469 |   312 ||  1194
         Reflection        |       |       |       |       |       |    30 ||    30

Table legend: (Time is in decaauts)
 A = Elapsed time spent in this place.
 B = Non-inter-level travel time spent in this place.
 C = Inter-level travel time spent in this place.
 D = Time resting spent in this place.
 E = Time spent auto-exploring this place.
 F = Levels seen in this place.
 G = Mean time per level.
                   A        B        C        D        E       F      G
               +--------+--------+--------+--------+--------+-----+--------+
         Total |  26848 |  24466 |   2382 |   1050 |  18385 |  29 |  925.8 |
       Dungeon |  11912 |  10727 |   1185 |      0 |   8618 |  15 |  794.1 |
        Temple |     30 |      1 |     29 |      0 |      0 |   1 |   30.0 |
          Lair |   6038 |   5408 |    630 |    208 |   4121 |   5 | 1207.6 |
         Swamp |    186 |    186 |      0 |      0 |    101 |   1 |  186.0 |
     Snake Pit |   6433 |   6062 |    371 |    690 |   4212 |   4 | 1608.2 |
  Orcish Mines |   1624 |   1460 |    164 |    152 |    955 |   2 |  812.0 |
      Ice Cave |    621 |    621 |      0 |      0 |    376 |   1 |  621.0 |
               +--------+--------+--------+--------+--------+-----+--------+

Top non-repeatable levels by time:
 Snake:2: 1975 daAuts
 Snake:3: 1868 daAuts
 Snake:4: 1713 daAuts
  Lair:3: 1571 daAuts
  Lair:2: 1429 daAuts
  Lair:5: 1278 daAuts
     D:8: 1211 daAuts
     D:5: 1164 daAuts
     D:7: 1060 daAuts
    D:10: 1056 daAuts
   Orc:2: 992 daAuts
    D:13: 972 daAuts
  Lair:1: 912 daAuts
 Snake:1: 876 daAuts
  Lair:4: 846 daAuts
